 Dungeon Crawl Stone Soup version 0.23.2-1-ga50397a (webtiles) character file.

Game seed: 14977149165095865788

247 schauveau the Chopper (level 5, -12/47 HPs)
             Began as a Minotaur Berserker on May 5, 2019.
             Was a Priest of Trog.
             Mangled by an ogre
             ... wielding a +0 giant club
              (17 damage)
             ... on level 4 of the Dungeon.
             The game lasted 00:04:10 (2865 turns).

schauveau the Chopper (Minotaur Berserker)          Turns: 2865, Time: 00:04:11

Health: -12/47     AC:  4    Str: 23    XL:     5   Next: 85%
Magic:  4/4        EV: 13    Int:  4    God:    Trog [***...]
Gold:   104        SH:  0    Dex:  9    Spells: 4/4 levels left

rFire    . . .     SeeInvis .   a - +0 hand axe
rCold    + . .     Gourm    .   (no shield)
rNeg     . . .     Faith    .   i - +0 leather armour
rPois    .         Spirit   .   (helmet restricted)
rElec    .         Reflect  .   o - +0 cloak
rCorr    .         Harm     .   (no gloves)
MR       .....                  (no boots)
Stlth    +.........             (no amulet)
HPRegen  0.15/turn              w - ring of protection from cold
MPRegen  0.09/turn              (no ring)

@: no status effects
A: retaliatory headbutt, horns 2
a: Berserk, Trog's Hand, Renounce Religion


You were on level 4 of the Dungeon.
You worshipped Trog.
Trog was most pleased with you.
You were not hungry.

You visited 1 branch of the dungeon, and saw 4 of its levels.

You collected 104 gold pieces.

Inventory:

Hand Weapons
 a - a +0 hand axe (weapon)
 m - a +0 shortbow
 r - a +0 flail
Armour
 b - a +0 animal skin
 i - a +0 leather armour (worn)
 j - a scarf of repulsion
 o - a +0 cloak (worn)
Jewellery
 w - a ring of protection from cold (left hand)
Wands
 x - a wand of digging (4)
Scrolls
 d - a scroll of noise {unknown}
 e - a scroll of amnesia {unknown}
 g - a scroll of enchant armour {unknown}
 k - 2 scrolls of identify {unknown}
 l - a scroll of remove curse {unknown}
 p - a scroll of immolation {unknown}
 u - a scroll of enchant weapon {unknown}
Potions
 f - a potion of ambrosia {unknown}
 h - a potion of berserk rage {unknown}
 n - a potion of curing {unknown}
 q - a potion of degeneration {unknown}
 s - a potion of brilliance {unknown}
 t - a potion of lignification {unknown}
 v - a potion of magic {unknown}
Comestibles
 c - 6 rations


   Skills:
 + Level 4.7 Fighting
 * Level 5.7 Axes
 + Level 4.0 Armour
 + Level 3.5 Dodging


You had 4 spell levels left.
You didn't know any spells.
Your spell library was empty.

Dungeon Overview and Level Annotations

Branches:
Dungeon (4/15)
 Temple: D:4-7

Altars:
Fedhas
Gozag
Kikubaaqudgha
Xom
Zin

Shops:
D:2 *


Innate Abilities, Weirdness & Mutations

You reflexively headbutt those who attack you in melee.
You have a pair of horns on your head.


Message History

Ouch! That really hurt!
* * * LOW HITPOINT WARNING * * *
You are too injured to fight recklessly!
You are too injured to fight recklessly!
You hit the ogre.
The ogre is severely wounded.
You hit the ogre.
The ogre is almost dead.
The ogre closely misses you.
You barely miss the ogre.
The ogre is almost dead.
The ogre misses you.
You hit the ogre but do no damage.
You headbutt the ogre, but do no damage.
The ogre is almost dead.
The ogre closely misses you.
You hit the ogre.
The ogre is almost dead.
The ogre hits you with a +0 giant club!
You die...

#.# #.# #.# #.#
#.# #.# #O#
##############@#
#...(..........#
###.##############
....# #####


You could see an ogre.

Vanquished Creatures
  An ogre (D:3)
  An orc wizard (D:3)
  Jessica (D:2)
  2 adders
  2 worms (D:3)
  A leopard gecko (D:1)
  9 orcs
  3 giant cockroaches
  8 goblins
  9 hobgoblins
  8 jackals
  7 kobolds
  A quokka (D:3)
  3 ball pythons
  6 bats
  4 frilled lizards
  5 rats
71 creatures vanquished.

Notes
Turn   | Place    | Note
-------+----------+-------------------------------------------
     0 | D:1      | schauveau the Minotaur Berserker began the quest for the
                  | Orb.
     0 | D:1      | Reached XP level 1. HP: 19/19 MP: 0/0
    27 | D:1      | Reached XP level 2. HP: 18/27 MP: 1/1
    28 | D:1      | Reached skill level 4 in Axes
   752 | D:1      | Reached XP level 3. HP: 31/33 MP: 2/2
   949 | D:2      | Reached ** piety under Trog
  1446 | D:2      | Found Gozag's Platinum Reserve.
  1448 | D:2      | Found an opulent altar of Gozag.
  1630 | D:2      | Noticed Jessica
  1642 | D:2      | Killed Jessica
  1642 | D:2      | Reached XP level 4. HP: 40/40 MP: 3/3
  1736 | D:3      | Noticed an ogre
  1787 | D:3      | Reached skill level 5 in Axes
  1984 | D:3      | Reached XP level 5. HP: 47/47 MP: 4/4
  2061 | D:3      | Found a glowing silver altar of Zin.
  2366 | D:3      | Found a blossoming altar of Fedhas.
  2377 | D:3      | Found a shimmering altar of Xom.
  2386 | D:3      | Found an ancient bone altar of Kikubaaqudgha.
  2427 | D:3      | Reached *** piety under Trog
  2475 | D:3      | Killed an ogre
  2858 | D:4      | Noticed an ogre
  2865 | D:4      | Mangled by an ogre

Skill      XL: |  1  2  3  4  5 |
---------------+----------------+-----
Axes           | 4 5 |  5.7
Fighting       | 4 |  4.7
Armour         | 3 4 |  4.0
Dodging        | 3 |  3.5

Action                   |  1- 3 |  4- 6 || total
-------------------------+-------+-------++-------
Melee: Hand axe          |   103 |    67 ||   170
       Headbutt          |     9 |    11 ||    20
  Eat: Chunk             |     2 |       ||     2
       Ration            |       |     2 ||     2
Armor: Animal skin       |     8 |       ||     8
       Leather armour    |       |    15 ||    15
Dodge: Dodged            |    73 |    33 ||   106
